Map: Acid Plant LE

Players

Luffman

  • Race: Zerg Zerg
  • League: Diamond
  • Spawn Location: 11:00

Graveyard - Winner!

  • Race: Zerg Zerg
  • League: Diamond
  • Spawn Location: 5:00

VOD

Have the link to the VOD?

Description

Time

  • Played on: April 14, 2018, 10:08 p.m.
  • Length: 3:40
Show
View Real Time Build Order
Export as new Build Order

Luffman Zerg 

Build Orders: Hatch First 

Get SALT Encoding   

  12  0:01  Drone  
  13  0:10  Drone  
  14  0:17  Drone, Extractor  
  15  0:39  Hatchery  
  14  0:47  Drone, Extractor  
  14  1:02  Spawning Pool  
  14  1:03  Drone  
  14  1:12  Overlord  
  14  1:31  Drone  
  15  1:48  Queen  
  15  1:52  Metabolic Boost  
  17  1:57  Zergling x2  
  17  1:58  Zergling x4  
  20  2:23  Zergling x2  
  20  2:24  Zergling x6  
  20  2:25  Zergling x2  
  25  2:32  Zergling x2  
  26  2:38  Zergling x4  
  28  2:44  Overlord  
  28  3:04  Zergling x2  
  28  3:05  Zergling x8  
  33  3:06  Zergling x2  
  34  3:14  Overlord  
Show
View Real Time Build Order
Export as new Build Order

Graveyard Zerg - Winner!

Build Orders: Pool First 

Get SALT Encoding   

  12  0:00  Drone  
  13  0:12  Overlord  
  13  0:16  Drone  
  14  0:30  Drone x2  
  14  0:34  Drone  
  17  0:46  Spawning Pool  
  17  0:47  Drone  
  17  1:08  Hatchery  
  16  1:12  Drone  
  17  1:21  Extractor  
  17  1:22  Drone x2  
  18  1:28  Drone  
  19  1:35  Queen  
  21  1:40  Zergling x2  
  22  1:50  Overlord  
  22  2:04  Baneling Nest  
  22  2:05  Zergling x2  
  22  2:11  Zergling x2  
  23  2:22  Queen  
  25  2:29  Drone  
  26  2:30  Queen  
  28  2:40  Drone x2  
  28  2:41  Drone  
  31  2:47  Baneling x2  
  31  3:07  Drone x2  
  31  3:08  Drone x2  
  31  3:11  Baneling x3  
  35  3:14  Zergling x2  
  36  3:22  Overlord x2  
Tags
 
Add a new tag
Caveats
  • Supply blocks, unpowered buildings, or Contaminate may cause inaccurate times.
  • Supply counts are checked every 10 seconds.